AoeStats
← TheWalker6055

Arena

509324727Analyzed
1v1 RM · 6d ago on Sep 26, 2026· 34m 52s· 2 players
Game mode
Random Map
Map size
Tiny (2 player)
Population
200
Speed
Normal
Resources
Standard
Victory
Conquest
Starting age
Dark Age
Ending age
Imperial Age
RankedLock teamsTeams togetherTeam positionsShared explorationLock speedFull tech treeHidden civsTurbo modeCheats
Victory
Defeat
🇺🇸 Bulgarians · United States
826
+15
🇮🇳 Celts · India
800
-15
TheWalker6055
0:26 Loom
11:35 Feudal Age
12:21 Double-Bit Axe
12:10 Man-at-Arms
13:33 Gold Mining
13:26 Horse Collar
22:26 Wheelbarrow
21:37 Town Watch
22:27 Stone Mining
23:05 Forging
24:11 Arson
24:41 Scale Mail Armor
28:51 Castle Age
30:36 Heavy Plow
30:48 Bow Saw
BudgetBench6953
8:22 Loom
10:55 Feudal Age
14:57 Castle Age
12:54 Double-Bit Axe
18:54 Scale Mail Armor
21:53 Fletching
23:04 Scale Barding Armor
Connection lost

Rejoining the realm…

Still unreachable

The connection could not be restored.

Session expired

The server has moved on; the page needs a fresh start.